 Dungeon Crawl Stone Soup version 0.30-a0-1123-gabc949cf19 (webtiles) character file.

Game seed: 16651945233144421376

11 cheesebisquit the Ruffian (level 2, 25/25 HPs)
             Began as a Ghoul Gladiator on Apr 22, 2023.
             Quit the game on level 1 of the Dungeon.
             The game lasted 00:04:09 (910 turns).

cheesebisquit the Ruffian (Ghoul Gladiator)          Turns: 910, Time: 00:04:10

Health: 25/25      AC:  4    Str: 17    XL:     2   Next: 29%
Magic:  1/1        EV: 12    Int:  3    God:
Gold:   103        SH:  0    Dex: 10    Spells: 1/1 levels left

rFire   . .          .
                       - Unarmed
rCold   + . .        (no shield)
rNeg    + + +        a - +0 leather armour
rPois   ∞            b - +0 helmet
rElec   .            (no cloak)
rCorr   .            (no gloves)
SInv    .            (no boots)
Will    .....        (no amulet)
Stlth   +            (no ring)
HPRegen 0.24/turn    (no ring)
MPRegen 0.07/turn

%: no passive effects
@: no status effects
A: claws 1, cold resistance 1, negative energy resistance 3, inhibited
regeneration, torment resistance 2, devour on kill
a: no special abilities


You were on level 1 of the Dungeon.
You visited 1 branch of the dungeon, and saw 1 of its levels.

You collected 103 gold pieces.

Inventory:

Missiles
 c - 3 throwing nets (quivered)
 d - a javelin
 f - 3 boomerangs
 n - 5 curare-tipped darts
Armour
 a - a +0 leather armour (worn)
 b - a +0 helmet (worn)
 h - a +0 ring mail
Scrolls
 g - a scroll of vulnerability {unknown}
 k - a scroll of amnesia {unknown}
 l - a scroll of enchant armour {unknown}
 m - a scroll of fear {unknown}
 p - a scroll of brand weapon {unknown}
 q - a scroll of identify {unknown}
Potions
 e - a potion of degeneration {unknown}
 i - a potion of invisibility {unknown}
 j - 2 potions of might {unknown}
 o - a potion of attraction {unknown}


   Skills:
 + Level 2.4 Fighting
 - Level 1.7 Throwing
 + Level 0.6 Armour
 - Level 2.6 Dodging
 + Level 1.0 Stealth
 + Level 3.4 Unarmed Combat


You had one spell level left.
You didn't know any spells.
Your spell library contained the following spells:

 Spells                   Type           Power      Damage    Failure   Level
 Cigotuvi's Dreadful Rot  Necr/Pois/Air  0%         N/A       73%         2
 Ignite Poison            Fire/Tmut/Pois 0%         N/A       91%         3
 Portal Projectile        Hex/Tloc       0%         N/A       91%         3
 Tukima's Dance           Hex            0%         N/A       91%         3
 Freezing Cloud           Conj/Ice/Air   0%         6-21      100%        5
 Blade Hands              Tmut           Unusable   N/A       N/A         5

Dungeon Overview and Level Annotations

Branches:
Dungeon (1/15)

Altars:


Innate Abilities, Weirdness & Mutations

You are immune to poison.
You have sharp fingernails.
Your flesh is cold resistant. (rC+)
You are immune to negative energy. (rN+++)
You do not regenerate when monsters are visible.
You are immune to unholy pain and torment.
You thrive by killing the living.


Message History

Your Stealth skill increases to level 1!
No target in view!
No target in view!
No target in view!
No target in view!
No target in view!
No target in view!
No target in view!
No target in view!
You see here a +0 ring mail.
There is an open door here.
You open the door.
There is an open door here.
o - a glowing amethyst potion
p - a scroll labelled MAOGEFISTAHU;
q - a scroll labelled JANUNAITRO A frilled lizard comes into view.
Found 15 gold pieces.
You see here 11 gold pieces.
You claw the frilled lizard!
You kill the frilled lizard!
No target in view!
No target in view!
No target in view!
No target in view!
No target in view!
No target in view!
No target in view!
No target in view!
No target in view!
No target in view!
You now have 88 gold pieces (gained 11).
You see here a frilled lizard corpse.
You now have 103 gold pieces (gained 15).
As you open the door, it creaks loudly!
There is an open door here.
There is an open door here.
Done exploring.
No target in view!
Done exploring.
Are you sure you want to abandon this character and quit the game? (Confirm with "yes".)

### ### ##########
..####.## #.@......#
#.......## #.######.#
####.....######.######.#
##.....†.........##.#
##.########.###.##.# #.#
#.# #.##.# #.#
#.###.##.# ##+##
#........# ##...##
####...####


There were no monsters in sight!

Vanquished Creatures
  A ball python (D:1)
  2 giant cockroaches (D:1)
  A goblin (D:1)
  A hobgoblin (D:1)
  A quokka (D:1)
  4 frilled lizards (D:1)
  A rat (D:1)
11 creatures vanquished.

Notes
Turn   | Place    | Note
-------+----------+-------------------------------------------
     0 | D:1      | cheesebisquit the Ghoul Gladiator began the quest for the
                  | Orb.
     0 | D:1      | Reached XP level 1. HP: 17/17 MP: 0/0
   478 | D:1      | Reached XP level 2. HP: 25/25 MP: 1/1
   773 | D:1      | Reached skill level 1 in Stealth
   910 | D:1      | Quit the game

Illustrated notes

Levels and vault maps discovered:
D:1:      nzn_arrival_crosshair, layout_loops_corners, minmay_split_cup_small

Skill      XL: |  1  2 |
---------------+-------+-----
Stealth        | 1 |  1.0
Fighting       | |  2.4
Throwing       | |  1.7
Armour         | |  0.6
Dodging        | |  2.6
Unarmed Combat | |  3.4

Action                     || total
---------------------------++-------
  Melee: Unarmed           ||    34
 Armour: Ring mail         ||     5
         Leather armour    ||     7
  Dodge: Dodged            ||    18

Table legend: (Time is in decaauts)
 A = Elapsed time spent in this place.
 B = Non-inter-level travel time spent in this place.
 C = Inter-level travel time spent in this place.
 D = Time resting spent in this place.
 E = Time spent auto-exploring this place.
 F = Levels seen in this place.
 G = Mean time per level.
                   A        B        C        D        E       F      G
               +--------+--------+--------+--------+--------+-----+--------+
         Total |    907 |    835 |     72 |      0 |    676 |   1 |  907.0 |
       Dungeon |    907 |    835 |     72 |      0 |    676 |   1 |  907.0 |
               +--------+--------+--------+--------+--------+-----+--------+

Top non-repeatable levels by time:
     D:1: 907 daAuts
